 Dungeon Crawl Stone Soup version 0.28.0-43-g3370ac3207 (webtiles) character file.

Game seed: 4709766556298737799

28 graymark the Skirmisher (level 3, -9/34 HPs)
             Began as a Naga Chaos Knight on Mar 2, 2022.
             Was a Plaything of Xom.
             Killed from afar by Sigmund (11 damage)
             ... with a puff of flame
             ... on level 2 of the Dungeon.
             The game lasted 00:02:15 (1232 turns).

graymark the Skirmisher (Naga Chaos Knight)         Turns: 1232, Time: 00:02:16

Health: -9/34      AC:  4    Str: 16    XL:     3   Next: 14%
Magic:  3/3        EV:  9    Int: 12    God:    Xom [..*...]
Gold:   14         SH:  0    Dex: 10    Spells: 2/2 levels left

rFire   . . .      SeeInvis +   a - +0 spear (chaos)
rCold   . . .      Faith    .   (no shield)
rNeg    . . .      Spirit   .   b - +2 leather armour
rPois   +          Reflect  .   (no helmet)
rElec   .          Harm     .   (no cloak)
rCorr   .          Rampage  .   (no gloves)
Will    .....                   (no barding)
Stlth   +.........              (no amulet)
HPRegen 0.11/turn               (no ring)
MPRegen 0.08/turn               (no ring)

@: brilliant, attractive, very slow
A: AC +1, large, see invisible, deformed body, poison resistance, slowness 2,
spit poison 1, naga tail 1
a: Spit Poison, Renounce Religion


You were on level 2 of the Dungeon.
You worshipped Xom.
You were a toy of Xom.
You visited 1 branch of the dungeon, and saw 2 of its levels.

You collected 14 gold pieces.

Inventory:

Hand Weapons
 a - a +0 spear of chaos (weapon)
 e - a +2 dagger of draining
Missiles
 h - 32 sling bullets
Armour
 b - a +2 leather armour (worn)
 g - a +0 ring mail
Scrolls
 d - a scroll of teleportation {unknown}
 f - a scroll of vulnerability {unknown}
 j - a scroll of amnesia {unknown}
 l - a scroll of enchant weapon {unknown}
Potions
 i - a potion of resistance {unknown}
 k - a potion of haste


   Skills:
 * Level 3.2 Fighting
 * Level 3.2 Polearms
 * Level 1.9 Armour
 * Level 1.3 Dodging
 + Level 1.4 Stealth


You had 2 spell levels left.
You didn't know any spells.
Your spell library contained the following spells:

 Spells                   Type           Power      Damage    Failure   Level
 Inner Flame              Hex/Fire       0%         N/A       77%         3
 Cause Fear               Hex            0%         N/A       99%         4
 Discord                  Hex            0%         N/A       100%        8


Dungeon Overview and Level Annotations

Branches:
Dungeon (2/15)

Altars:

Annotations:
D:2 Sigmund


Innate Abilities, Weirdness & Mutations

Your serpentine skin is tough. (AC +1)
You have supernaturally acute eyesight. (SInv)
Armour fits poorly on your strangely shaped body.
Your system is resistant to poisons. (rPois)
You cover ground very slowly.
You can spit poison.
You have a snake-like lower body.


Message History

You are too injured to fight recklessly!
You are too injured to fight recklessly!
Reach: a) +0 spear (chaos)
Press: ? - help, Dir - move target, f/p - Sigmund
Aim: Sigmund, wielding a +2 scythe of holy wrath and wearing a +0 robe (moderately wounded, fast, slightly transparent, very poisoned, about 43% to evade your +0 spear of chaos)
You reach to attack!
You closely miss Sigmund.
Sigmund is moderately wounded.
Sigmund barely misses you.
Reach: a) +0 spear (chaos)
Press: ? - help, Dir - move target, f/p - Sigmund
Aim: Sigmund, wielding a +2 scythe of holy wrath and wearing a +0 robe (moderately wounded, fast, slightly transparent, very poisoned, about 43% to evade your +0 spear of chaos)
You reach to attack!
You barely miss Sigmund.
Sigmund is moderately wounded.
Sigmund hits you from afar with a +2 scythe of holy wrath.
Reach: a) +0 spear (chaos)
Press: ? - help, Dir - move target, f/p - Sigmund
Aim: Sigmund, wielding a +2 scythe of holy wrath and wearing a +0 robe (moderately wounded, fast, slightly transparent, very poisoned, about 43% to evade your +0 spear of chaos)
You reach to attack!
You closely miss Sigmund.
Sigmund is moderately wounded.
Sigmund barely misses you.
Reach: a) +0 spear (chaos)
Press: ? - help, Dir - move target, f/p - Sigmund
Aim: Sigmund, wielding a +2 scythe of holy wrath and wearing a +0 robe (moderately wounded, fast, slightly transparent, very poisoned, about 43% to evade your +0 spear of chaos)
You reach to attack!
You hit Sigmund but do no damage.
Sigmund is moderately wounded.
Sigmund hits you from afar with a +2 scythe of holy wrath!
* * * LOW HITPOINT WARNING * * *
Reach: a) +0 spear (chaos)
Press: ? - help, Dir - move target, f/p - Sigmund
Aim: Sigmund, wielding a +2 scythe of holy wrath and wearing a +0 robe (moderately wounded, fast, slightly transparent, very poisoned, about 43% to evade your +0 spear of chaos)
You reach to attack!
You closely miss Sigmund.
Sigmund is moderately wounded.
Sigmund barely misses you.
It was a potion of attraction.
You feel attractive to monsters.
Xom roars with laughter!
Sigmund casts a spell at you. The puff of flame hits you!
You die...
Xom roars with laughter!

#..# #..# #
#..########### #. #.
#.......<.....
..>#.#######.###########
#............#
#.#....###### #####
####.# #.... #@# #.###
#.# #.# #@# #.# #.#
#.### #.# #.... #.#
#..## .....# #######..##
#.##.# #.......... #.#
#.####<#.##


You could see Sigmund (fast, invisible, poisoned).

Vanquished Creatures
  3 endoplasms (D:1)
  2 goblins (D:1)
  2 hobgoblins (D:1)
  3 jackals (D:1)
  2 quokkas (D:1)
  4 ball pythons
  5 bats (D:1)
  A frilled lizard (D:1)
  2 kobolds (D:1)
  3 rats (D:1)
27 creatures vanquished.

Vanquished Creatures (others)
  A plant (D:1)
1 creature vanquished.

Grand Total: 28 creatures vanquished

Notes
Turn   | Place    | Note
-------+----------+-------------------------------------------
     0 | D:1      | graymark the Naga Chaos Knight began the quest for the Orb.
     0 | D:1      | Reached XP level 1. HP: 21/21 MP: 1/1
   134 | D:1      | Reached skill level 1 in Dodging
   184 | D:1      | Reached XP level 2. HP: 28/28 MP: 2/2
   187 | D:1      | XOM: smoke on damage
   265 | D:1      | XOM: noise
   298 | D:1      | Reached skill level 1 in Stealth
   476 | D:1      | XOM: silly message
   719 | D:1      | Found a faded altar of an unknown god.
   761 | D:1      | Reached XP level 3. HP: 26/34 MP: 3/3
  1127 | D:1      | XOM: cloud trail
  1219 | D:2      | Noticed Sigmund
  1220 | D:2      | XOM: potion effect (brilliance)
  1232 | D:2      | Killed from afar by Sigmund

Illustrated notes

Levels and vault maps discovered:
D:1:      sevenhm_arrival_forest_fort_large_4, layout_rooms,
          dilly_ecumenical_altar_fadedgnrine
D:2:      layout_loops_ring, uniq_sigmund

Skill      XL: |  1  2 |
---------------+-------+-----
Dodging        | 1 |  1.3
Stealth        | 1 |  1.4
Fighting       | |  3.2
Polearms       | |  3.2
Armour         | |  1.9

Action                   || total
-------------------------++-------
Melee: Spear             ||    91
       Punch             ||     1
  Use: Potion            ||     1
Armor: Leather armour    ||    20
Dodge: Dodged            ||    35
